 Dungeon Crawl Stone Soup version 0.30-a0-457-g4b7bca3bfa (webtiles) character file.

Game seed: 7718970717864969290

550 arthad the Firebug (level 7, 0/51 HPs)
             Began as a Gnoll Fire Elementalist on Dec 13, 2022.
             Slain by an orc
             ... wielding a +0 trident
              (8 damage)
             ... on level 4 of the Dungeon.
             The game lasted 00:06:50 (3416 turns).

arthad the Firebug (Gnoll Fire Elementalist)        Turns: 3416, Time: 00:06:51

Health: 0/51       AC:  2    Str:  7    XL:     7   Next: 29%
Magic:  3/15       EV: 14    Int: 16    God:
Gold:   116        SH:  0    Dex: 13    Spells: 14/17 levels left

rFire   . . .      SeeInvis .    m - +1 dagger (drain)
rCold   . . .      Faith    .    (no shield)
rNeg    . . .      Spirit   .    a - +0 robe
rPois   +          Reflect  .    (no helmet)
rElec   .          Harm     .    (no cloak)
rCorr   .          Rampage  .    (no gloves)
Will    .....                    (no boots)
Stlth   +++.......               (no amulet)
HPRegen 0.28/turn                s - ring of poison resistance
MPRegen 0.14/turn                (no ring)

@: no status effects
A: fangs 1, strong nose, distributed training
a: no special abilities


You were on level 4 of the Dungeon.
You visited 1 branch of the dungeon, and saw 4 of its levels.

You collected 116 gold pieces.

Inventory:

Hand Weapons
 g - a +0 dagger of protection
 m - a +1 dagger of draining (weapon)
Missiles
 p - 5 poisoned darts
 u - 2 datura-tipped darts
Armour
 a - a +0 robe (worn)
 t - a +0 cloak
Jewellery
 s - a ring of poison resistance (left hand)
 w - a ring of ice
Scrolls
 c - 7 scrolls of identify {unknown}
 f - 2 scrolls of blinking {unknown}
 i - 4 scrolls of enchant weapon {unknown}
 l - a scroll of torment {unknown}
 n - 4 scrolls of teleportation {unknown}
 o - a scroll of poison {unknown}
 r - a scroll of vulnerability {unknown}
 v - 2 scrolls of immolation {unknown}
Potions
 b - 2 potions of magic
 d - 2 potions of cancellation {unknown}
 e - a potion of haste {unknown}
 h - 3 potions of lignification {unknown}
 j - a potion of curing {unknown}
 k - a potion of heal wounds {unknown}
 q - a potion of attraction {unknown}
 x - 2 potions of might {unknown}


   Skills:
 + Level 2.5 Fighting
 + Level 2.5 Short Blades
 + Level 2.5 Long Blades
 + Level 2.5 Axes
 + Level 2.5 Maces & Flails
 + Level 2.5 Polearms
 + Level 2.5 Staves
 + Level 2.5 Ranged Weapons
 + Level 2.5 Throwing
 + Level 2.5 Armour
 + Level 5.2 Dodging
 + Level 4.9 Stealth
 + Level 2.5 Shields
 + Level 2.5 Unarmed Combat
 + Level 5.6 Spellcasting
 + Level 3.0 Conjurations
 + Level 2.0 Hexes
 + Level 2.0 Summonings
 + Level 2.0 Necromancy
 + Level 2.0 Translocations
 + Level 2.0 Transmutations
 + Level 5.8 Fire Magic
 + Level 2.0 Ice Magic
 + Level 2.0 Air Magic
 + Level 2.0 Earth Magic
 + Level 2.0 Poison Magic
 + Level 2.7 Invocations
 + Level 2.5 Evocations


You had 14 spell levels left.
You knew the following spells:

 Your Spells              Type           Power      Damage    Failure   Level
a - Foxfire               Conj/Fire      72%        2x1d7     2%          1
b - Scorch                Fire           46%        2d7       1%          2

Your spell library contained the following spells:

 Spells                   Type           Power      Damage    Failure   Level
 Inner Flame              Hex/Fire       17%        N/A       9%          3
 Kindle Blastsparks       Fire/Tloc/Air  30%        2d12      11%         3
 Flame Wave               Conj/Fire      18%        2d7       22%         4


Dungeon Overview and Level Annotations

Branches:
Dungeon (4/15)
 Temple: D:4-7

Altars:
Xom
Yredelemnul


Innate Abilities, Weirdness & Mutations

You have very sharp teeth.
Your uncanny sense of smell can sniff out nearby items.
Your experience applies equally to all skills.


Message History

You conjure some foxfire!
The orc misses you. The orc hits you with a +0 short sword.
The orc closely misses you.
The orc hits you from afar with a +0 trident!
Your magical contamination has completely faded away.
Unknown command.
Casting: Foxfire (safe; 2% risk of failure)
Confirm with . or Enter, or press ? or * to list all spells.
You conjure some foxfire!
The foxfire hits the orc.
The orc is almost dead.
The foxfire hits the orc.
You kill the orc!
The orc completely misses you. The orc hits you with a +0 club.
The orc misses you.
Unknown command.
Casting: Foxfire (safe; 2% risk of failure)
Confirm with . or Enter, or press ? or * to list all spells.
You conjure some foxfire!
The orc is no longer more vulnerable to fire.
The foxfire hits the adder!
The adder is severely wounded.
The adder bites you but does no damage. The orc hits you with a +0 short sword.
* * * LOW HITPOINT WARNING * * *
The orc hits you with a +0 club.
* * * LOW HITPOINT WARNING * * *
The orc hits you but does no damage. The adder bites you but does no damage.
Unknown command.
Unknown command.
Casting: Foxfire (safe; 2% risk of failure)
Confirm with . or Enter, or press ? or * to list all spells.
Flames lash the adder.
You kill the adder!
The orc is no longer more vulnerable to fire.
The foxfire hits the orc but does no damage.
The orc is severely wounded.
The foxfire hits the orc.
The orc is moderately wounded.
The orc barely misses you. The orc hits you with a +0 club.
* * * LOW HITPOINT WARNING * * *
The orc hits you from afar with a +0 trident!
You die...

..#.# #.....##.....##......#
#.#.###.....##.....##......###
#.#...'............'.........#
#.#####.....##.....##......#.#
#.#####.....#########......#.#
.........##.8..# ########.#
#.######.#.P...######### #.#
.....###.......#.o.....#####.#
..............8§@).....+..>..#
##...#####....##.oo....###.###
#...######..###....#### #.#
#...........###....# #.#
#.(..........####### #.#
#..........#..### #.#
#..........##[..## #.# ####
####.......####..########†#
#... #.......# ##..........#
#.#.


You could see 3 orcs.

Vanquished Creatures
  4 phantoms (D:4)
  A bullfrog zombie (D:4)
  An iguana (D:4)
  A scorpion zombie (D:4)
  A hound zombie (D:4)
  9 adders
  An adder zombie (D:4)
  An adder skeleton (D:4)
  A worm (D:2)
  4 dart slugs
  3 orcs (D:4)
  10 ball pythons
  8 endoplasms
  2 giant cockroaches (D:4)
  3 goblins
  3 hobgoblins
  4 jackals (D:1)
  3 quokkas
  5 bats
  A frilled lizard (D:2)
  7 kobolds
  4 rats
77 creatures vanquished.

Vanquished Creatures (collateral kills)
  2 foxfires (D:4)
2 creatures vanquished.

Vanquished Creatures (others)
  228 foxfires
  A withered plant (D:4)
229 creatures vanquished.

Grand Total: 308 creatures vanquished

Notes
Turn   | Place    | Note
-------+----------+-------------------------------------------
     0 | D:1      | arthad the Gnoll Fire Elementalist began the quest for the
                  | Orb.
     0 | D:1      | Reached XP level 1. HP: 13/13 MP: 6/6
   290 | D:1      | Reached XP level 2. HP: 19/19 MP: 5/7
   718 | D:1      | Found a faded altar of an unknown god.
   832 | D:1      | Reached skill level 5 in Spellcasting
   832 | D:1      | Reached XP level 3. HP: 25/25 MP: 5/9
  1216 | D:2      | Reached skill level 1 in Invocations
  1306 | D:2      | Reached skill level 1 in Fighting
  1306 | D:2      | Reached skill level 1 in Short Blades
  1306 | D:2      | Reached skill level 1 in Long Blades
  1306 | D:2      | Reached skill level 1 in Axes
  1306 | D:2      | Reached skill level 1 in Maces & Flails
  1306 | D:2      | Reached skill level 1 in Polearms
  1306 | D:2      | Reached skill level 1 in Staves
  1306 | D:2      | Reached skill level 1 in Ranged Weapons
  1306 | D:2      | Reached skill level 1 in Throwing
  1306 | D:2      | Reached skill level 1 in Armour
  1306 | D:2      | Reached skill level 1 in Shields
  1306 | D:2      | Reached skill level 1 in Unarmed Combat
  1306 | D:2      | Reached skill level 1 in Evocations
  1309 | D:2      | Reached XP level 4. HP: 32/32 MP: 3/11
  1584 | D:2      | Reached skill level 1 in Hexes
  1584 | D:2      | Reached skill level 1 in Summonings
  1584 | D:2      | Reached skill level 1 in Necromancy
  1584 | D:2      | Reached skill level 1 in Translocations
  1584 | D:2      | Reached skill level 1 in Transmutations
  1584 | D:2      | Reached skill level 1 in Ice Magic
  1584 | D:2      | Reached skill level 1 in Air Magic
  1584 | D:2      | Reached skill level 1 in Earth Magic
  1584 | D:2      | Reached skill level 1 in Poison Magic
  1926 | D:3      | Reached XP level 5. HP: 37/37 MP: 9/12
  1933 | D:3      | Found a shimmering altar of Xom.
  1940 | D:3      | Learned a level 2 spell: Scorch
  2548 | D:4      | Noticed a phantom
  2557 | D:4      | Killed a phantom
  2561 | D:4      | Reached XP level 6. HP: 36/44 MP: 4/13
  2677 | D:4      | Reached skill level 5 in Dodging
  2948 | D:4      | Reached XP level 7. HP: 24/51 MP: 9/15
  3307 | D:4      | Found a basalt altar of Yredelemnul.
  3416 | D:4      | Slain by an orc

Illustrated notes

Levels and vault maps discovered:
D:1:      nzn_arrival_settlement, layout_basic, basic_ecumenical_altar,
          minmay_pentomino_s2
D:2:      layout_rooms
D:3:      layout_rooms, mainiacjoe_overflow_tiny_flanked, serial_forest,
          infiniplex_forest_end_3, infiniplex_forest_lined_2,
          infiniplex_forest_lined_2, infiniplex_forest_lined_2,
          infiniplex_forest_lined_2, infiniplex_forest_lined_room_,
          infiniplex_forest_straight_2, infiniplex_forest_clump_large,
          infiniplex_forest_end_1, infiniplex_forest_lined_4_way
D:4:      layout_basic, marbit_many_paths, serial_undead, serial_undead_c,
          serial_undead_c, serial_undead_f, serial_undead_e, serial_undead_b,
          chequers_mini_garden, uniq_eustachio

Skill      XL: |  1  2  3  4  5  6  7 |
---------------+----------------------+-----
Conjurations   | 2 3 |  3.0
Spellcasting   | 5 |  5.6
Invocations    | 1 2 |  2.7
Fighting       | 1 2 |  2.5
Short Blades   | 1 2 |  2.5
Long Blades    | 1 2 |  2.5
Axes           | 1 2 |  2.5
Maces & Flails | 1 2 |  2.5
Polearms       | 1 2 |  2.5
Staves         | 1 2 |  2.5
Ranged Weapons | 1 2 |  2.5
Throwing       | 1 2 |  2.5
Armour         | 1 2 |  2.5
Shields        | 1 2 |  2.5
Unarmed Combat | 1 2 |  2.5
Evocations     | 1 2 |  2.5
Hexes          | 1 2 |  2.0
Summonings     | 1 2 |  2.0
Necromancy     | 1 2 |  2.0
Translocations | 1 2 |  2.0
Transmutations | 1 2 |  2.0
Ice Magic      | 1 2 |  2.0
Air Magic      | 1 2 |  2.0
Earth Magic    | 1 2 |  2.0
Poison Magic   | 1 2 |  2.0
Dodging        | 5 |  5.2
Stealth        | |  4.9
Fire Magic     | |  5.8

Action                   |  1- 3 |  4- 6 |  7- 9 || total
-------------------------+-------+-------+-------++-------
Melee: Unarmed           |    11 |       |       ||    11
       Bite              |     3 |     2 |     6 ||    11
       Punch             |     1 |     1 |       ||     2
       Dagger            |     3 |    44 |    26 ||    73
 Cast: Foxfire           |    50 |    73 |    10 ||   133
       Scorch            |       |     8 |     4 ||    12
 Stab: Sleeping          |       |     3 |       ||     3
Armor: Robe              |     2 |     8 |     5 ||    15
Dodge: Dodged            |    17 |    45 |    34 ||    96

Table legend: (Time is in decaauts)
 A = Elapsed time spent in this place.
 B = Non-inter-level travel time spent in this place.
 C = Inter-level travel time spent in this place.
 D = Time resting spent in this place.
 E = Time spent auto-exploring this place.
 F = Levels seen in this place.
 G = Mean time per level.
                   A        B        C        D        E       F      G
               +--------+--------+--------+--------+--------+-----+--------+
         Total |   3407 |   3307 |    100 |      0 |   2756 |   4 |  851.8 |
       Dungeon |   3407 |   3307 |    100 |      0 |   2756 |   4 |  851.8 |
               +--------+--------+--------+--------+--------+-----+--------+

Top non-repeatable levels by time:
     D:1: 1207 daAuts
     D:4: 932 daAuts
     D:2: 711 daAuts
     D:3: 555 daAuts
